 Dungeon Crawl Stone Soup version 0.27.1-1-g398f81649c (webtiles) character file.

Game seed: 14948708807503870947

28 styxcanada the Sneak (level 2, -3/15 HPs)
             Began as a Spriggan Brigand on Sept 22, 2021.
             Slain by Natasha (8 damage)
             ... on level 2 of the Dungeon.
             The game lasted 00:04:03 (1743 turns).

styxcanada the Sneak (Spriggan Brigand)             Turns: 1743, Time: 00:04:03

Health: -3/15      AC:  3    Str:  7    XL:     2   Next: 96%
Magic:  3/3        EV: 16    Int: 12    God:
Gold:   10         SH:  0    Dex: 16    Spells: 1/1 levels left

rFire    . . .     SeeInvis +   i - +0 dagger (venom)
rCold    . . .     Faith    .   (shield restricted)
rNeg     . . .     Spirit   .   b - +0 robe
rPois    .         Reflect  .   (helmet restricted)
rElec    .         Harm     .   c - +0 cloak
rCorr    .         Rampage  .   (gloves unavailable)
Will     .....                  (boots unavailable)
Stlth    ++++......             (no amulet)
HPRegen  0.05/turn              (no ring)
MPRegen  0.08/turn              (no ring)

@: very quick
A: very small, no large weapons, unfitting armour, see invisible, speed 3
a: no special abilities


You were on level 2 of the Dungeon.
You visited 1 branch of the dungeon, and saw 2 of its levels.

You collected 10 gold pieces.

Inventory:

Hand Weapons
 a - a +2 dagger
 i - a +0 dagger of venom (weapon)
Missiles
 d - 8 poisoned darts (quivered)
 e - 2 curare-tipped darts
 j - 51 stones
Armour
 b - a +0 robe (worn)
 c - a +0 cloak (worn)
Scrolls
 g - a scroll of enchant armour {unknown}
 k - a scroll of magic mapping {unknown}
Potions
 f - a potion of haste {unknown}
 h - a potion of flight {unknown}
 l - 2 potions of degeneration {unknown}


   Skills:
 * Level 1.7 Fighting
 + Level 2.4 Short Blades
 + Level 2.0 Throwing
 * Level 1.6 Dodging
 * Level 7.0 Stealth


You had one spell level left.
You didn't know any spells.
Your spell library was empty.

Dungeon Overview and Level Annotations

Branches:
Dungeon (2/15)

Altars:

Shops:
D:2 ?

Annotations:
D:2 Natasha


Innate Abilities, Weirdness & Mutations

You are very small and have problems with some larger weapons.
You are too small for most types of armour.
You have supernaturally acute eyesight. (SInv)
You cover ground extremely quickly. (Speed+++)


Message History

The hobgoblin looks even sicker.
Throw: 5 darts (poison)
Press: ? - help, Q - select action, (/) - cycle Shift-Dir - straight line, f/p - hobgoblin
Aim: a hobgoblin (heavily wounded, very poisoned, 60% to hit)
You throw a poisoned dart. The poisoned dart hits the hobgoblin.
The hobgoblin is heavily wounded.
You kill the hobgoblin!
Your Stealth skill increases to level 7!
d - 5 poisoned darts (gained 1)
d - 7 poisoned darts (gained 2)
d - 8 poisoned darts (gained 1)
You start resting.
HP restored.
Found 2 blue potions.
Found a scroll labelled BAKHIE ROHANI.
Found Huoqauvi's Magic Scroll Shoppe.
l - 2 blue potions A ball python comes into view.
Found a stone staircase leading down.
Found 13 gold pieces.
The helpless ball python fails to defend itself.
You impale the ball python!!
You kill the ball python!
There is an entrance to Huoqauvi's Magic Scroll Shoppe here.
A hobgoblin and Natasha come into view.
You see here a scroll labelled BAKHIE ROHANI.
Found a pink potion.
An endoplasm comes into view.
Found a stone staircase leading up.
Natasha hisses angrily.
The endoplasm quivers.
Natasha claws you.
You barely miss Natasha. The endoplasm closely misses you. Natasha claws you.
You hit Natasha.
Natasha is poisoned.
Natasha is lightly wounded.
The endoplasm hits you. Natasha barely misses you.
You hit Natasha but do no damage.
Natasha is lightly wounded.
The endoplasm barely misses you. Natasha claws you!
Ouch! That really hurt!
You die...

.. ..<.... ..# # .....
.g# # ...... #.# ##
#.!.. #.# ##. #....
##.########..
#####.#.####...........#
.......h..##......####..
#@####.?###.#####.
#.J#......##........
#.###....∩....###### #.
#.#.##.....# #
#.##.##..##.#
#........##.#
##.>...###### ........
##$....##


You could see Natasha (very poisoned) and an endoplasm.

Vanquished Creatures
  A worm (D:2)
  4 bats
  An endoplasm (D:1)
  2 goblins (D:1)
  2 hobgoblins
  2 quokkas (D:1)
  5 ball pythons
  4 kobolds (D:1)
  2 rats
23 creatures vanquished.

Notes
Turn   | Place    | Note
-------+----------+-------------------------------------------
     0 | D:1      | styxcanada the Spriggan Brigand began the quest for the
                  | Orb.
     0 | D:1      | Reached XP level 1. HP: 10/10 MP: 2/2
    49 | D:1      | Reached skill level 6 in Stealth
   448 | D:1      | Reached XP level 2. HP: 14/14 MP: 3/3
   703 | D:1      | Found a faded altar of an unknown god.
  1598 | D:2      | Reached skill level 7 in Stealth
  1722 | D:2      | Found Huoqauvi's Magic Scroll Shoppe.
  1733 | D:2      | Noticed Natasha
  1743 | D:2      | Slain by Natasha

Illustrated notes

Levels and vault maps discovered:
D:1:      giann_bridges, layout_basic, hellmonk_ecumenical_altar_zigzags,
          hangedman_decor_growths, chequers_serial_rivers_micro_a
D:2:      layout_loops_ring, serial_shops, nicolae_square_shop, uniq_natasha,
          uniq_crazy_yiuf_cottage

Skill      XL: |  1  2 |
---------------+-------+-----
Stealth        | 6 7 |  7.0
Fighting       | |  1.7
Short Blades   | |  2.4
Throwing       | |  2.0
Dodging        | |  1.6

Action                   || total
-------------------------++-------
Melee: Dagger            ||    50
Throw: Dart              ||    12
 Stab: Sleeping          ||     9
Armor: Robe              ||     7
Dodge: Dodged            ||    29
